 Dungeon Crawl Stone Soup version bcrawl-1.27.3 (webtiles) character file.

Game seed: 17701581806805736331

133659 Freyura the Ducker (level 5, -9/43 HPs)
             Began as a Gnoll Gladiator on Aug 1, 2020.
             Mangled by Menkaure (12 damage)
             ... on level 4 of the Dungeon.
             The game lasted 00:04:23 (2368 turns).

Freyura the Ducker (Gnoll Gladiator)                Turns: 2368, Time: 00:04:24

Health: -9/43      AC:  6    Str: 16    XL:     5   Next: 9%
Magic:  6/6        EV: 15    Int: 10    God:
Gold:   111        SH:  0    Dex: 18    Spells: 6/6 levels left

rFire    . . .     SeeInvis .   a - +0 quarterstaff
rCold    . . .     Gourm    .   (shield currently unavailable)
rNeg     . . .     Faith    .   g - +0 ring mail
rPois    .         Spirit   .   c - +0 helmet
rElec    .         Reflect  .   (no cloak)
rCorr    .         Harm     .   (no gloves)
MR       .....                  (no boots)
Stlth    +.........             (no amulet)
HPRegen  0.14/turn              (no ring)
MPRegen  0.10/turn              (no ring)

@: no status effects
A: distributed training, fangs 1, strong nose
a: no special abilities


You were on level 4 of the Dungeon.
You were not hungry.

You visited 1 branch of the dungeon, and saw 4 of its levels.

You collected 111 gold pieces.

Inventory:

Hand Weapons
 a - a +0 quarterstaff (weapon)
Missiles
 d - 3 throwing nets {=f}
Armour
 c - a +0 helmet (worn)
 g - a +0 ring mail (worn)
Scrolls
 b - 4 scrolls of identify
Potions
 f - 2 potions of heal wounds
 h - 2 potions of ambrosia
 j - a potion of might {unknown}
 k - a potion of invisibility {unknown}
 l - a potion of berserk rage {unknown}
Comestibles
 e - 8 rations {!d}
 i - a chunk of flesh


   Skills:
 + Level 4.7 Fighting
 + Level 1.3 Short Blades
 + Level 1.3 Long Blades
 + Level 1.3 Axes
 + Level 1.3 Maces & Flails
 + Level 1.3 Polearms
 + Level 6.6 Staves
 + Level 1.3 Slings
 + Level 1.3 Bows
 + Level 1.3 Crossbows
 + Level 4.7 Throwing
 + Level 1.3 Armour
 + Level 6.6 Dodging
 + Level 1.3 Stealth
 + Level 1.3 Shields
 + Level 1.3 Unarmed Combat
 + Level 1.3 Spellcasting
 + Level 1.0 Conjurations
 + Level 1.0 Hexes
 + Level 1.0 Charms
 + Level 1.0 Summonings
 + Level 1.0 Necromancy
 + Level 1.0 Translocations
 + Level 1.0 Transmutations
 + Level 1.0 Fire Magic
 + Level 1.0 Ice Magic
 + Level 1.0 Air Magic
 + Level 1.0 Earth Magic
 + Level 1.0 Poison Magic
 + Level 1.4 Invocations
 + Level 1.3 Evocations


You had 6 spell levels left.
You didn't know any spells.
Your spell library was empty.

Dungeon Overview and Level Annotations

Branches:
Dungeon (4/12)
 Temple: D:4-7

Altars:
Ru

Annotations:
D:4 Menkaure


Innate Abilities, Weirdness & Mutations

Your experience applies equally to all skills.
You have very sharp teeth.
Your uncanny sense of smell can sniff out nearby items.


Message History

You hit Menkaure.
Menkaure is moderately damaged.
The phantom hits you but does no damage.
Menkaure gestures wildly while chanting.
Menkaure seems to speed up.
You hit Menkaure but do no damage.
Menkaure is moderately damaged.
The phantom barely misses you. Menkaure barely misses you.
You sock Menkaure!
Menkaure is heavily damaged.
The phantom closely misses you. Menkaure misses you.
You hit Menkaure but do no damage. You bite Menkaure.
Menkaure is severely damaged.
Menkaure hits you!
* * * LOW HITPOINT WARNING * * *
The phantom barely misses you.
You hit Menkaure.
Menkaure is almost destroyed.
Menkaure hits you!
You die...

******≈,**,,* ##....#..##
**,,,,,**#.* #..#####..####
**,,,,,** #.########.## ##.....
,,,,,,,,* #...........##*#######<
*,,,,,,,*##............#....,,*#.
*,,,,,,,*#..................,,*#.
**,,,,,**#.........)........,,,?.
,,,,,,,,,..........<..?.....,,*##
*,,,,,,,*#......@...........,,* *
*,,,,,,,*#......MW......####*** *
*,,,,,,,*##.....<......##
**,,,,,** ##.......)...# *,,,,,**
#.#########.# *,***** #.* *.# ***
,,** #,* *,#* *,, ,,,** *,* *,,*
*,, ,,,,* *,* **,* *,,


You could see a phantom and Menkaure.

Vanquished Creatures
  An iguana (D:3)
  A worker ant (D:4)
  3 adders
  2 worms (D:3)
  A dart slug (D:2)
  2 leopard geckos
  3 orcs
  3 bats (D:2)
  4 giant cockroaches
  2 goblins (D:2)
  3 hobgoblins
  2 jackals (D:3)
  A quokka (D:3)
  A ball python (D:2)
  A frilled lizard (D:2)
  5 kobolds
35 creatures vanquished.

Notes
Turn   | Place    | Note
-------+----------+-------------------------------------------
     0 | D:1      | Freyura the Gnoll Gladiator began the quest for the Orb.
     0 | D:1      | Reached XP level 1. HP: 20/20 MP: 1/1
     6 | D:1      | Noticed a water moccasin
     6 | D:1      | Noticed a komodo dragon
     6 | D:1      | Noticed a black bear
     7 | D:1      | Noticed a swamp worm
     7 | D:1      | Noticed a wyvern
   694 | D:2      | Reached XP level 2. HP: 26/26 MP: 2/2
  1120 | D:2      | Reached XP level 3. HP: 26/31 MP: 3/3
  1750 | D:3      | Reached skill level 1 in Invocations
  1796 | D:3      | Reached skill level 1 in Short Blades
  1796 | D:3      | Reached skill level 1 in Long Blades
  1796 | D:3      | Reached skill level 1 in Axes
  1796 | D:3      | Reached skill level 1 in Maces & Flails
  1796 | D:3      | Reached skill level 1 in Polearms
  1796 | D:3      | Reached skill level 1 in Slings
  1796 | D:3      | Reached skill level 1 in Bows
  1796 | D:3      | Reached skill level 1 in Crossbows
  1796 | D:3      | Reached skill level 1 in Armour
  1796 | D:3      | Reached skill level 1 in Stealth
  1796 | D:3      | Reached skill level 1 in Shields
  1796 | D:3      | Reached skill level 1 in Unarmed Combat
  1796 | D:3      | Reached skill level 1 in Spellcasting
  1796 | D:3      | Reached skill level 1 in Evocations
  1796 | D:3      | Reached XP level 4. HP: 37/38 MP: 5/5
  1912 | D:3      | Reached skill level 1 in Conjurations
  1912 | D:3      | Reached skill level 1 in Hexes
  1912 | D:3      | Reached skill level 1 in Charms
  1912 | D:3      | Reached skill level 1 in Summonings
  1912 | D:3      | Reached skill level 1 in Necromancy
  1912 | D:3      | Reached skill level 1 in Translocations
  1912 | D:3      | Reached skill level 1 in Transmutations
  1912 | D:3      | Reached skill level 1 in Fire Magic
  1912 | D:3      | Reached skill level 1 in Ice Magic
  1912 | D:3      | Reached skill level 1 in Air Magic
  1912 | D:3      | Reached skill level 1 in Earth Magic
  1912 | D:3      | Reached skill level 1 in Poison Magic
  2031 | D:3      | Found a sacrificial altar of Ru.
  2320 | D:4      | Reached XP level 5. HP: 38/43 MP: 6/6
  2334 | D:4      | Noticed a phantom
  2335 | D:4      | Noticed Menkaure
  2367 | D:4      | HP: 2/43 [Menkaure (15)]
  2368 | D:4      | Mangled by Menkaure

Skill      XL: |  1  2  3  4 |
---------------+-------------+-----
Invocations    | 1 |  1.4
Short Blades   | 1 |  1.3
Long Blades    | 1 |  1.3
Axes           | 1 |  1.3
Maces & Flails | 1 |  1.3
Polearms       | 1 |  1.3
Slings         | 1 |  1.3
Bows           | 1 |  1.3
Crossbows      | 1 |  1.3
Armour         | 1 |  1.3
Stealth        | 1 |  1.3
Shields        | 1 |  1.3
Unarmed Combat | 1 |  1.3
Spellcasting   | 1 |  1.3
Evocations     | 1 |  1.3
Conjurations   | 1 |  1.0
Hexes          | 1 |  1.0
Charms         | 1 |  1.0
Summonings     | 1 |  1.0
Necromancy     | 1 |  1.0
Translocations | 1 |  1.0
Transmutations | 1 |  1.0
Fire Magic     | 1 |  1.0
Ice Magic      | 1 |  1.0
Air Magic      | 1 |  1.0
Earth Magic    | 1 |  1.0
Poison Magic   | 1 |  1.0
Fighting       | |  4.7
Staves         | |  6.6
Throwing       | |  4.7
Dodging        | |  6.6

Action                   |  1- 3 |  4- 6 || total
-------------------------+-------+-------++-------
Melee: Quarterstaff      |    64 |    54 ||   118
       Bite              |     6 |    13 ||    19
  Use: Scroll            |     5 |     1 ||     6
  Eat: Chunk             |     4 |     3 ||     7
Armor: Leather armour    |     2 |       ||     2
       Ring mail         |    17 |    15 ||    32
Dodge: Dodged            |    58 |    38 ||    96
